 Dungeon Crawl Stone Soup version 0.26.0-10-g1f06aea511 (webtiles) character file.

Game seed: 12292998715084279796

21925 dohliylev the Severer (level 12, 0/112 HPs)
             Began as a Minotaur Berserker on Jan 19, 2021.
             Was an Elder of Trog.
             Slain by a two-headed ogre
             ... wielding a +0 dire flail
              (4 damage)
             ... on level 1 of the Orcish Mines.
             The game lasted 00:30:14 (15507 turns).

dohliylev the Severer (Minotaur Berserker)         Turns: 15507, Time: 00:30:15

Health: 0/112      AC: 24    Str: 28    XL:     12   Next: 58%
Magic:  11/11      EV: 13    Int:  0    God:    Trog [****..]
Gold:   306        SH:  5    Dex:  9    Spells: 11/11 levels left

rFire    . . .     SeeInvis .   s - +2 battleaxe
rCold    . . .     Faith    .   (shield currently unavailable)
rNeg     . . .     Spirit   .   B - +0 plate armour
rPois    .         Reflect  +   (helmet restricted)
rElec    .         Harm     .   q - +0 cloak
rCorr    .         Rampage  .   r - +0 pair of gloves
Will     +++++                  J - +1 pair of boots
Stlth    ..........             M - amulet "Qacith" {Reflect Will+++ Int-4 Slay+2 SH+5}
HPRegen  1.28/turn              L - +4 ring of protection
MPRegen  0.12/turn              H - +4 ring of evasion

@: lethally poisoned (0 -> 0), berserk cooldown, regenerating, slowed, lost
intelligence, very slow
A: retaliatory headbutt, horns 2, subdued magic 1
a: Renounce Religion, Berserk, Trog's Hand, Brothers in Arms


You were on level 1 of the Orcish Mines.
You worshipped Trog.
Trog was greatly pleased with you.
You visited 2 branches of the dungeon, and saw 14 of its levels.
You also visited: Ossuary.

You collected 1056 gold pieces.
You spent 750 gold pieces at shops.

Inventory:

Hand Weapons
 s - a +2 battleaxe (weapon)
Armour
 k - a +0 leather armour of poison resistance
 q - a +0 cloak (worn)
 r - a +0 pair of gloves (worn)
 B - a +0 plate armour (worn)
 J - a +1 pair of boots (worn)
 K - a +0 ring mail of fire resistance
Jewellery
 a - an uncursed ring of protection from fire
 E - an uncursed ring of ice
 H - a +4 ring of evasion (right hand)
 L - a +4 ring of protection (left hand)
 M - the amulet "Qacith" (around neck) {Reflect Will+++ Int-4 Slay+2 SH+5}
   (You bought it in a shop on level 12 of the Dungeon)

   [amulet of reflection]

   It shields you and reflects attacks.
   It affects your intelligence (-4).
   It affects your accuracy and damage with ranged weapons and melee attacks
   (+2).
   It affects your willpower, your defense against some magical effects.
   It affects your SH (+5).
Wands
 m - a wand of digging (4)
Scrolls
 c - 2 scrolls of teleportation
 d - 4 scrolls of enchant weapon
 f - 2 scrolls of fog
 g - 3 scrolls of holy word {unknown}
 h - 5 scrolls of remove curse
 i - 2 scrolls of fear
 o - 3 scrolls of blinking
 v - a scroll of identify
 w - 3 scrolls of magic mapping
 x - a scroll of enchant armour
Potions
 b - 3 potions of brilliance {unknown}
 e - 5 potions of heal wounds
 j - a potion of magic {unknown}
 l - 6 potions of flight
 n - 8 potions of curing
 p - 5 potions of cancellation
 t - a potion of ambrosia {unknown}
 u - 3 potions of haste
 z - 2 potions of might {unknown}
 A - 3 potions of attraction {unknown}
 D - a potion of lignification {unknown}
 F - a potion of berserk rage {unknown}


   Skills:
 + Level 12.0 Fighting
 + Level 17.3 Axes
 + Level 11.7 Armour
 + Level 4.3 Dodging
 - Level 4.8 Shields


You had 11 spell levels left.
You didn't know any spells.
Your spell library was empty.

Dungeon Overview and Level Annotations

Branches:
Dungeon (13/15)            Temple (0/1) D:5            Lair (0/6) D:10
    Orc (1/2) D:9         Ossuary (visited)
 Vaults: D:13-14

Altars:
Ashenzari
Hepliaklqana
Okawaru
Sif Muna
Uskayaw
Vehumet
Wu Jian
Yredelemnul
Zin
The Shining One

Shops:
D:5 (   D:8 *   D:12 =   Orc:1 (=

Annotations:
Orc:1 1 transporter, MajorAdolf's ghost, journeyman NaVM


Innate Abilities, Weirdness & Mutations

You reflexively headbutt those who attack you in melee.
You have a pair of horns on your head.
Your spells are a little easier to cast, but a little less powerful.


Message History

The two-headed ogre hits you with a +0 giant club!
* * * LOW HITPOINT WARNING * * *
Your skin crawls.
You feel strong-willed.
* * * LOW HITPOINT WARNING * * *
You are poisoned.
* * * LOW HITPOINT WARNING * * *
You are more poisoned.
The two-headed ogre hits you but does no damage.
The two-headed ogre closely misses you.
You fail to use your ability.
You feel sick. The two-headed ogre barely misses you. You furiously retaliate!
You headbutt the two-headed ogre.
The two-headed ogre hits you with a +0 giant spiked club!
* * * LOW HITPOINT WARNING * * *
The two-headed ogre misses you. You block the two-headed ogre's attack.
The two-headed ogre hits you with a +0 dire flail.
* * * LOW HITPOINT WARNING * * *
The two-headed ogre hits you with a +0 dire flail.
You die...

#.........###...##
##....#....###.#.##
..................#
.................##
.................#
..........########
..........#......#
..........#..##OO#
..........#O#..#@#
..........#?#.O#O#
.........©#:.##OO#
..........#!....©#
.........©#?.##..#
..........#.#..#.#
........#.#.#..#.#
..........#$.##..#
..........#©.....####


You could see 4 two-headed ogres and an ogre.

Vanquished Creatures
  An ettin (Orc:1)
  Snorg (D:13)
  The ghost of p0werm0de the Fighter, a novice MiFi (D:8)
  3 death yaks (D:10)
  2 two-headed ogres
  4 unseen horrors
  An unseen horror (shapeshifter) (D:8)
  Pikel (D:8)
  A manticore (D:12)
  A deep elf mage (D:12)
  6 ugly things
  A cyclops (D:12)
  A polar bear (shapeshifter) (D:8)
  4 trolls
  A hornet (shapeshifter) (D:8)
  2 hornets
  A shadow (D:12)
  7 yaks
  A vampire (D:10)
  A steam dragon (D:10)
  A neqoxec (D:8)
  5 wargs
  A water moccasin (D:9)
  5 ice beasts
  A swamp drake (D:9)
  13 orc warriors
  3 black bears
  5 ogres
  A centaur (D:7)
  A big kobold (D:11)
  10 bullfrogs
  Blork the orc (D:4)
  A wyvern zombie (D:6)
  2 scorpions
  A water moccasin skeleton (D:5)
  2 centaur zombies (Ossuary)
  A bullfrog zombie (D:9)
  3 jellies
  10 orc priests
  2 centaur skeletons
  4 hounds
  A human zombie (Ossuary)
  12 orc wizards
  2 bullfrog skeletons
  5 iguanas
  12 worker ants
  A statue (D:6)
  2 big kobold zombies (Ossuary)
  A hound skeleton (D:3)
  3 mummies (Ossuary)
  2 worker ant zombies
  7 gnolls
  A howler monkey skeleton (D:7)
  8 adders
  2 white imps
  An ufetubus (D:5)
  An adder zombie (D:10)
  An adder skeleton (D:8)
  3 worms
  2 dart slugs (D:1)
  3 leopard geckos
  73 orcs
  2 giant cockroaches
  9 hobgoblins
  17 jackals
  13 kobolds
  4 quokkas
  A ball python (D:1)
  5 bats
  5 frilled lizards
  9 goblins
  A goblin zombie (Ossuary)
  2 hobgoblin zombies (Ossuary)
  A leopard gecko skeleton (D:4)
  2 leopard gecko zombies
  A quokka skeleton (D:4)
  10 rats
  A spectral orc (D:6)
340 creatures vanquished.

Vanquished Creatures (collateral kills)
  2 death yaks (D:10)
  An ogre (D:10)
  3 orcs (D:10)
6 creatures vanquished.

Vanquished Creatures (others)
  An orc wizard (D:7)
1 creature vanquished.

Grand Total: 347 creatures vanquished

Notes
Turn   | Place    | Note
-------+----------+-------------------------------------------
     0 | D:1      | dohliylev the Minotaur Berserker began the quest for the
                  | Orb.
     0 | D:1      | Reached XP level 1. HP: 19/19 MP: 0/0
   380 | D:1      | Reached skill level 4 in Axes
   380 | D:1      | Reached XP level 2. HP: 22/27 MP: 1/1
   895 | D:1      | Reached XP level 3. HP: 30/33 MP: 2/2
   918 | D:1      | Reached ** piety under Trog
  1858 | D:2      | Reached skill level 5 in Axes
  1881 | D:2      | Found a faded altar of an unknown god.
  1987 | D:3      | Reached XP level 4. HP: 39/41 MP: 3/3
  2133 | D:3      | Reached XP level 5. HP: 47/47 MP: 4/4
  2571 | D:3      | Reached skill level 6 in Axes
  2711 | D:3      | Reached *** piety under Trog
  3356 | D:4      | Reached skill level 5 in Fighting
  3365 | D:4      | Reached XP level 6. HP: 49/56 MP: 5/5
  3699 | D:4      | Reached skill level 7 in Axes
  3872 | D:4      | Reached XP level 7. HP: 61/61 MP: 6/6
  3910 | D:4      | Found an ornate altar of the Wu Jian Council.
  4129 | D:4      | Noticed Blork the orc
  4142 | D:4      | Killed Blork the orc
  4143 | D:4      | Reached skill level 5 in Armour
  4400 | D:4      | Reached skill level 8 in Axes
  4729 | D:5      | Entered Level 5 of the Dungeon
  4782 | D:5      | Found a hazy altar of Hepliaklqana.
  4831 | D:5      | Found a staircase to the Ecumenical Temple.
  4838 | D:5      | Reached skill level 1 in Shields
  4845 | D:5      | Reached **** piety under Trog
  4856 | D:5      | Found Radeta's Weapon Shoppe.
  4904 | D:5      | Reached XP level 8. HP: 65/69 MP: 7/7
  4952 | D:5      | Found a sand-covered staircase.
  4961 | Ossuary  | Entered an ossuary
  5052 | Ossuary  | Reached skill level 9 in Axes
  5528 | D:6      | Reached skill level 10 in Axes
  5603 | D:6      | Found a radiant altar of Vehumet.
  5938 | D:6      | Found a basalt altar of Yredelemnul.
  6090 | D:7      | Reached XP level 9. HP: 67/78 MP: 8/8
  6493 | D:7      | Found a glowing golden altar of the Shining One.
  6577 | D:7      | Reached skill level 11 in Axes
  6621 | D:7      | Found an iron altar of Okawaru.
  6655 | D:7      | Reached ***** piety under Trog
  6664 | D:7      | Found a shimmering blue altar of Sif Muna.
  6991 | D:7      | Got a polished halberd
  6997 | D:7      | Identified the +2 halberd of Death {freeze, SInv} (You
                  | found it on level 7 of the Dungeon)
  7083 | D:7      | Found a hide-covered altar of Uskayaw.
  7152 | D:7      | Noticed an angel
  7153 | D:7      | Found a glowing silver altar of Zin.
  7413 | D:8      | Found Nujiapp's Assorted Antiques.
  7414 | D:8      | Noticed Pikel
  7426 | D:8      | Killed Pikel
  7427 | D:8      | Reached skill level 12 in Axes
  7526 | D:8      | Bought a scroll of identify for 38 gold pieces
  7526 | D:8      | Bought a scroll of identify for 38 gold pieces
  7558 | D:8      | Found a runed translucent gate.
  7561 | D:8      | Found a runed translucent gate.
  7561 | D:8      | Found a runed translucent gate.
  7561 | D:8      | Noticed a purple ugly thing
  7561 | D:8      | Noticed a purple ugly thing
  7565 | D:8      | Noticed a red ugly thing
  7565 | D:8      | Noticed a white ugly thing
  7712 | D:8      | Received a gift from Trog
  7920 | D:8      | Killed a cyan ugly thing
  7924 | D:8      | Killed a cyan ugly thing
  7925 | D:8      | Reached XP level 10. HP: 68/88 MP: 9/9
  7933 | D:8      | Killed a red ugly thing
  7934 | D:8      | Killed a white ugly thing
  7935 | D:8      | Reached skill level 13 in Axes
  8294 | D:8      | Found a runed translucent gate.
  8294 | D:8      | Found a runed translucent gate.
  8297 | D:8      | Found a runed translucent gate.
  8303 | D:8      | Noticed p0werm0de's ghost (novice MiFi)
  8308 | D:8      | Gained mutation: Your spells are a little easier to cast,
                  | but a little less powerful. [a neqoxec]
  8318 | D:8      | Killed an unseen horror
  8335 | D:8      | Killed p0werm0de's ghost
  8886 | D:9      | Reached skill level 14 in Axes
  9427 | D:9      | Found a broken altar of Ashenzari.
  9840 | D:9      | Reached XP level 11. HP: 73/99 MP: 10/10
 10135 | D:9      | Found a staircase to the Orcish Mines.
 10152 | D:9      | Reached skill level 10 in Fighting
 10162 | D:9      | Received a gift from Trog
 10540 | D:10     | Entered Level 10 of the Dungeon
 10589 | D:10     | Noticed a two-headed ogre
 10595 | D:10     | Killed a two-headed ogre
 10747 | D:10     | Killed an unseen horror
 10857 | D:10     | Found a staircase to the Lair.
 10857 | D:10     | Noticed a death yak
 10858 | D:10     | Noticed a death yak
 10858 | D:10     | Noticed a death yak
 10858 | D:10     | Noticed a death yak
 10859 | D:10     | Noticed a death yak
 10870 | D:10     | Killed a death yak
 10871 | D:10     | Reached skill level 15 in Axes
 10872 | D:10     | Killed a death yak
 10879 | D:10     | Killed a death yak
 10885 | D:10     | HP: 4/101 [death yak (22)]
 10890 | D:10     | Killed a death yak
 10899 | D:10     | Killed a death yak
 11612 | D:10     | Killed an unseen horror
 11804 | D:10     | Reached skill level 10 in Armour
 12315 | D:11     | Killed an unseen horror
 12402 | D:11     | Reached skill level 16 in Axes
 12700 | D:11     | Found an ornate altar of the Wu Jian Council.
 12924 | D:11     | Killed an unseen horror
 12925 | D:11     | Reached XP level 12. HP: 102/110 MP: 11/11
 14157 | D:12     | Found Meazo's Jewellery Boutique.
 14165 | D:12     | Bought the amulet "Qacith" {Reflect Will+++ Int-4 Slay+2
                  | SH+5} for 674 gold pieces
 14191 | D:12     | Lost intelligence.
 14496 | D:12     | Lost intelligence.
 14923 | D:13     | Noticed Snorg
 14923 | D:13     | Noticed a two-headed ogre
 14932 | D:13     | Killed Snorg
 14933 | D:13     | Reached skill level 17 in Axes
 14935 | D:13     | Killed a two-headed ogre
 15195 | Orc:1    | Entered Level 1 of the Orcish Mines
 15195 | Orc:1    | Found Venet's Jewellery Boutique.
 15299 | Orc:1    | Found Nupnyci's Antique Weapon Emporium.
 15301 | Orc:1    | Found a transporter.
 15302 | Orc:1    | Noticed MajorAdolf's ghost (journeyman NaVM)
 15303 | Orc:1    | Identified the +5 great mace "Sepagh" {chaos, rElec rN+
                  | Str+4 Int+5}
 15303 | Orc:1    | Identified the +5 great mace of Judgement {flame, rPois rC-
                  | Str+5 SInv}
 15303 | Orc:1    | Noticed an ettin
 15304 | Orc:1    | Noticed a two-headed ogre
 15354 | Orc:1    | Noticed a two-headed ogre
 15426 | Orc:1    | Noticed a two-headed ogre
 15426 | Orc:1    | Noticed a two-headed ogre
 15449 | Orc:1    | Found a transporter.
 15500 | Orc:1    | Killed an ettin
 15507 | Orc:1    | HP: 4/112 [two-headed ogre/+0 dire flail (2)]
 15507 | Orc:1    | Slain by a two-headed ogre

Illustrated notes

Levels and vault maps discovered:
D:1:      minmay_arrival_stair_chambers, layout_basic
D:2:      layout_loops_cross, chequers_ecumenical_altar_grove
D:3:      layout_basic, minmay_liquid_box, minmay_misc_feat_hallway
D:4:      layout_gridville, lemuel_round_altar, uniq_blork_the_orc
D:5:      layout_rooms, marbit_many_paths, minmay_temple_entry_steel_oval,
          serial_shops, shop, enter_ossuary_1, chequers_serial_rivers_micro_d
D:6:      layout_loops_cross, vehumet_statue,
          yredelemnul_forgotten_temple_becter
D:7:      layout_basic, zin_angel, nicolae_overflow_crystal_walls,
          kennysheep_mini_moat, lemuel_coloured_pillars_altar, basic_altar,
          kennysheep_pointless_box, minivault_25, minmay_door_square
D:8:      layout_basic, ploomutoo_gammafunk_ghost_potion_laboratory,
          serial_shops, nicolae_shop_window_shopping, uniq_pikel
D:9:      layout_loops_ring, lemuel_crystal_altar, erik_orc_1,
          nicolae_benzene_ring, kennysheep_small_circle
D:10:     layout_loops_corners, dpeg_lair_monsters
D:11:     layout_irregular_city, basic_altar
D:12:     layout_roguey, serial_shops, nicolae_shop_statue_plus,
          nooodl_orcs_dogs
D:13:     layout_loops_corners, serial_shops, statue_bzr,
          lightli_church_of_beogh, uniq_snorg
Orc:1:    layout_diamond_mine, serial_shops, shop, shop, shop,
          nicolae_shop_statue_plus, gammafunk_ghost_smash, mines2_david

Skill      XL: |  1  2  3  4  5  6  7  8  9 10 11 12 |
---------------+-------------------------------------+-----
Axes           | 4 5 6 7 8 10 12 14 16 17 | 17.3
Fighting       | 4 5 6 8 9 11 12 | 12.0
Armour         | 3 4 5 6 7 9 10 11 | 11.7
Dodging        | 3 4 |  4.3
Shields        | 1 3 4 |  4.8

Action                   |  1- 3 |  4- 6 |  7- 9 | 10-12 || total
-------------------------+-------+-------+-------+-------++-------
Melee: Hand axe          |    51 |       |       |       ||    51
       Headbutt          |     9 |    17 |    65 |    75 ||   166
       War axe           |    21 |    94 |   289 |       ||   404
       Battleaxe         |       |       |     8 |   376 ||   384
Invok: Berserk           |       |     2 |     7 |    13 ||    22
       Brothers in Arms  |       |       |       |     3 ||     3
       Trog's Hand       |       |       |       |     3 ||     3
  Use: Scroll            |       |       |    12 |     5 ||    17
 Stab: Sleeping          |     1 |       |       |       ||     1
Armor: Animal skin       |    10 |       |       |       ||    10
       Leather armour    |     4 |     7 |       |       ||    11
       Scale mail        |       |    38 |       |       ||    38
       Chain mail        |       |     5 |    59 |       ||    64
       Plate armour      |       |       |    66 |   294 ||   360
Dodge: Dodged            |    63 |    47 |    64 |   186 ||   360
Block: Kite shield       |       |       |   122 |       ||   122
       Other             |       |       |       |    19 ||    19
       Reflection        |       |       |       |     2 ||     2
